 Dungeon Crawl Stone Soup version bcrawl-1.40.3b (webtiles) character file.

Game seed: 2959539751554602788

196443 Amelense the Sneak (level 6, 0/41 HPs)
             Began as a Kobold Spelunker on Feb 6, 2024.
             Was a Follower of Makhleb.
             Slain by Grinder (9 damage)
             ... on level 3 of the Dungeon.
             The game lasted 00:15:08 (2290 turns).

Amelense the Sneak (Kobold Spelunker)               Turns: 2290, Time: 00:15:08

Health: 0/41       AC:  4    Str: 16    XL:     6   Next: 40%
Magic:  7/9        EV: 15    Int: 13    God:    Makhleb [*.....]
Gold:   181        SH:  0    Dex: 16    Spells: 7/10 levels left

rFire    . . .     GDR:     29% r - +0 short sword (venom)
rCold    . . .     SeeInvis .   (shield restricted)
rNeg     . . .     Gourm    .   b - +0 leather armour
rPois    .         Faith    .   (no helmet)
rElec    .         Spirit   .   (no cloak)
rCorr    .         Reflect  .   (no gloves)
MR       .....                  A - +0 pair of boots
Stlth    +++.......             (no amulet)
HPRegen  0.16/turn              s - +6 ring of strength
MPRegen  0.11/turn              (no ring)

@: no status effects
A: small, talons 1, carnivore, mutation resistance 1, sense surroundings 2
a: Minor Destruction, Renounce Religion


You were on level 3 of the Dungeon.
You worshipped Makhleb.
Makhleb was aware of your devotion.
You were very full.

You visited 1 branch of the dungeon, and saw 3 of its levels.

You collected 181 gold pieces.

Inventory:

Hand Weapons
 a - a +1 dagger
 j - a +0 whip
 o - a +0 short sword
 r - a +0 short sword of venom (weapon)
 x - a +0 scythe
 B - a +0 spear
Missiles
 l - 78 javelins (quivered)
 p - 426 stones
 t - a throwing net {=f}
Armour
 b - a +0 leather armour (worn)
 c - a +0 pair of boots
 k - a +0 robe
 A - a +0 pair of boots (worn)
 E - a +0 scale mail
Jewellery
 s - a +6 ring of strength (left hand)
 y - an uncursed ring of protection from cold {unknown}
Wands
 d - a wand of digging (10)
Scrolls
 f - 2 scrolls of noise
 i - 4 scrolls of identify
 m - 2 scrolls of enchant armour {unknown}
 n - 4 scrolls of teleportation {unknown}
 u - a scroll of fear {unknown}
 v - a scroll of enchant weapon {unknown}
 w - a scroll of fog {unknown}
 F - a scroll of amnesia {unknown}
Potions
 h - a potion of degeneration {unknown}
 q - 3 potions of heal wounds {unknown}
 z - a potion of invisibility {unknown}
 C - 3 potions of curing {unknown}
 D - a potion of cancellation {unknown}
Miscellaneous
 g - a lamp of fire
Comestibles
 e - 11 rations {!d}
 G - 4 chunks of flesh


   Skills:
 + Level 2.8 Fighting
 + Level 4.4 Short Blades
 + Level 1.8 Armour
 + Level 2.5 Dodging
 + Level 6.0 Stealth
 + Level 2.5 Spellcasting
 + Level 2.1 Hexes
 + Level 1.5 Transmutations
 + Level 2.0 Earth Magic
 + Level 2.8 Evocations


You had 7 spell levels left.
You knew the following spells:

 Your Spells              Type           Power        Failure   Level  Hunger
a - Corona                Hex            #......      12%         1    None
b - Passwall              Tmut/Erth      #.......     22%         2    ##.....
Your spell library was empty.

Dungeon Overview and Level Annotations

Branches:
Dungeon (3/12)

Altars:
Dithmenos
Hepliaklqana
Kikubaaqudgha
Makhleb
Wu Jian

Annotations:
D:3 Grinder


Innate Abilities, Weirdness & Mutations

You are small and have problems with some larger weapons.
You have sharp toenails.
You are carnivorous and can eat meat at any time.
You are somewhat resistant to further mutation.
You passively map the area around you.


Message History

Your magical contamination has completely faded away.
Casting: Corona (safe; 12% risk of failure)
Confirm with . or Enter, or press ? or * to list all spells.
Aiming: Corona (safe; 12% risk of failure)
Press: ? - help, Shift-Dir - straight line, f/p - Grinder
Aim: Grinder (heavily wounded, chance to defeat MR: 44%) Grinder resists with significant effort.
Grinder gestures at you.
You suddenly lose the ability to move!
Grinder hits you.
You writhe in agony.
Grinder hits you.
* * * LOW HITPOINT WARNING * * *
You writhe in agony.
* * * LOW HITPOINT WARNING * * *
You can move again.
Tossing away (i - inventory. (/) - cycle)
l - 79 javelins (quivered)
Press: ? - help, Shift-Dir - straight line, f/p - Grinder
Aim: Grinder (heavily wounded)
You toss away a javelin.
The javelin barely misses Grinder.
Grinder hits you!
You die...

*.. , .# .# ## *
###.#* ... ## ######
#####...##...,
*#...#....,
.....#....,
*?ยง......#
#####....# ,* *
#5###........##.# , ,
#$@...#.........#*
**.#####....<...####
.......>..#....#* ,
**#.####.#.#.#.#.....
,
#......).....######*
######.#.#.#.# #
#....##.# **###[
#.#...... ......
#.#####.........


You could see Grinder.

Vanquished Creatures
  Sigmund (D:2)
  A worker ant zombie (D:3)
  A howler monkey zombie (D:3)
  An adder (D:3)
  2 oozes
  A worm (D:3)
  4 leopard geckos
  An orc (D:3)
  4 ball pythons
  5 bats
  3 giant cockroaches
  3 goblins
  6 hobgoblins
  2 quokkas
  4 frilled lizards
  8 kobolds
  7 rats
54 creatures vanquished.

Notes
Turn   | Place    | Note
-------+----------+-------------------------------------------
     0 | D:1      | Amelense the Kobold Spelunker began the quest for the Orb.
     0 | D:1      | Reached XP level 1. HP: 14/14 MP: 3/3
    82 | D:2      | Found a burning altar of Makhleb.
    95 | D:2      | Became a worshipper of Makhleb the Destroyer
   116 | D:2      | Reached XP level 2. HP: 15/19 MP: 5/5
   548 | D:2      | Reached XP level 3. HP: 24/24 MP: 6/6
   631 | D:2      | Reached skill level 5 in Stealth
   718 | D:2      | Reached skill level 1 in Dodging
   835 | D:2      | Noticed Sigmund
   842 | D:2      | Killed Sigmund
   843 | D:2      | Reached skill level 1 in Armour
   843 | D:2      | Reached XP level 4. HP: 19/30 MP: 5/7
   843 | D:2      | Reached XP level 5. HP: 23/35 MP: 5/8
   843 | D:2      | Reached XP level 6. HP: 27/41 MP: 5/9
   855 | D:2      | Reached * piety under Makhleb
  1841 | D:3      | Found an ancient bone altar of Kikubaaqudgha.
  1873 | D:3      | Found an ornate altar of the Wu Jian Council.
  1986 | D:3      | Found a hazy altar of Hepliaklqana.
  1991 | D:3      | Found a shadowy altar of Dithmenos.
  1991 | D:3      | Noticed a shadow
  2210 | D:3      | Reached skill level 6 in Stealth
  2251 | D:3      | Noticed Grinder
  2263 | D:3      | Paralysed by Grinder for 3 turns
  2276 | D:3      | Paralysed by Grinder for 2 turns
  2286 | D:3      | Paralysed by Grinder for 4 turns
  2290 | D:3      | Slain by Grinder

Skill      XL: |  1  2  3  4  5  6 |
---------------+-------------------+-----
Hexes          | 2 |  2.1
Short Blades   | 3 4 |  4.4
Stealth        | 5 6 |  6.0
Dodging        | 2 |  2.5
Armour         | 1 |  1.8
Fighting       | |  2.8
Spellcasting   | |  2.5
Transmutations | |  1.5
Earth Magic    | |  2.0
Evocations     | |  2.8

Action                   |  1- 3 |  4- 6 || total
-------------------------+-------+-------++-------
Melee: Dagger            |    46 |       ||    46
       Short sword       |    32 |   106 ||   138
 Cast: Corona            |     1 |    18 ||    19
Evoke: Lamp of fire      |     1 |       ||     1
 Stab: Sleeping          |     6 |     4 ||    10
  Eat: Chunk             |     8 |     7 ||    15
       Ration            |     1 |       ||     1
Armor: Leather armour    |    29 |    11 ||    40
Dodge: Dodged            |    56 |    77 ||   133
